 Dungeon Crawl Stone Soup version 0.31.0-32-g396128a36d (webtiles) character file.

Game seed: 14824991181667728455

11531 James the Unseen (level 11, -2/58 HPs)
             Began as a Felid Fighter on Apr 20, 2024.
             Was a Believer of Uskayaw.
             Killed from afar by an electric eel (13 damage)
             ... with a bolt of electricity
             ... on level 10 of the Dungeon.
             The game lasted 00:32:06 (9042 turns).

James the Unseen (Felid Fighter)                    Turns: 9042, Time: 00:32:06

Health: -2/58      AC:  2    Str: 16    XL:     11   Next: 50%
Magic:  18/18      EV: 28    Int: 11    God:    Uskayaw [**....]
Gold:   690        SH:  0    Dex: 17    Spells: 10/10 levels left
                                        Lives:  0   Deaths: 4

rFire   . .          .
                       - Unarmed
rCold   . . .        (shield unavailable)
rNeg    . . .        (body armour unavailable)
rPois   +            (helmet unavailable)
rElec   .            (cloak unavailable)
rCorr   .            (gloves unavailable)
SInv    +            (boots unavailable)
Will    +....        e - amulet of regeneration
Stlth   +++++++      a - +5 ring of evasion
HPRegen 1.09/turn    w - ring of poison resistance
MPRegen 0.16/turn

%: no passive effects
@: no status effects
A: very small, claws 1, fangs 3, see invisible, shaggy fur 2, stealthy paws, no
weapons or thrown items, no armour, multi-lived
a: Renounce Religion, Stomp, Line Pass


You were on level 10 of the Dungeon.
You worshipped Uskayaw.
Uskayaw was aware of your devotion.
You visited 2 branches of the dungeon, and saw 11 of its levels.

You collected 690 gold pieces.

Inventory:

Missiles
 z - a throwing net {!f}
Jewellery
 a - a +5 ring of evasion (left paw)
   (You found it on level 2 of the Dungeon)
 b - a ring of fire
   (You found it on level 1 of the Dungeon)
 c - a ring of magical power
   (You found it on level 2 of the Dungeon)
 e - an amulet of regeneration (around neck)
   (You found it on level 1 of the Dungeon)
 j - an amulet of reflection
   (You found it on level 3 of the Dungeon)
 m - a ring of positive energy
   (You found it on level 3 of the Dungeon)
 o - a ring of protection from cold
   (You took it off Erica on level 10 of the Dungeon)
 w - a ring of poison resistance (right paw)
   (You found it on level 7 of the Dungeon)
Wands
 d - a wand of iceblast (6)
   (You found it on level 6 of the Dungeon)
 q - a wand of light (9)
   (You found it on level 8 of the Dungeon)
 s - a wand of mindburst (5)
   (You took it off an orc wizard on level 4 of the Dungeon)
 t - a wand of charming (18)
   (You found it on level 5 of the Dungeon)
 v - a wand of digging (13)
   (You found it on level 5 of the Dungeon)
 B - a wand of polymorph (4)
   (You found it on level 9 of the Dungeon)
Scrolls
 h - 2 scrolls of vulnerability {!r}
 k - 4 scrolls of revelation
 p - a scroll of blinking
 y - a scroll of immolation {!r}
 C - 2 scrolls of teleportation {@r4}
 E - a scroll of enchant weapon {unknown}
Potions
 f - a potion of invisibility
 g - a potion of enlightenment
 i - a potion of degeneration {unknown}
 l - 2 potions of lignification {!q}
 n - 4 potions of curing {@q1}
 r - 4 potions of ambrosia
 u - 2 potions of mutation {!q}
 x - a potion of brilliance {unknown}
 A - a potion of attraction {unknown}
Miscellaneous
 D - a condenser vane (inert)
   (You found it on level 10 of the Dungeon)


   Skills:
 + Level 7.5 Fighting
 - Level 10.0 Dodging
 - Level 17.4 Stealth
 - Level 10.0 Unarmed Combat
 - Level 8.0 Invocations
 - Level 4.0 Evocations


You had 10 spell levels left.
You didn't know any spells.
Your spell library contained the following spells:

 Spells                   Type           Power      Damage    Failure   Level
 Ensorcelled Hibernation  Hex/Ice        0%         N/A       47%         2
 Call Canine Familiar     Summ           0%         N/A       71%         3
 Frozen Ramparts          Ice            0%         1d1       71%         3
 Fugue of the Fallen      Necr           0%         N/A       71%         3
 Sigil of Binding         Hex            0%         N/A       71%         3
 Anguish                  Hex/Necr       0%         N/A       98%         4
 Cause Fear               Hex            0%         N/A       98%         4
 Leda's Liquefaction      Alch/Erth      0%         N/A       98%         4
 Petrify                  Alch/Erth      0%         N/A       98%         4
 Metabolic Englaciation   Hex/Ice        0%         N/A       100%        5
 Enfeeble                 Hex            0%         N/A       100%        7
 Malign Gateway           Summ/Tloc      0%         N/A       100%        7
 Summon Horrible Things   Summ           0%         N/A       100%        8
 Dimensional Bullseye     Hex/Tloc       Unusable   N/A       N/A         4

Dungeon Overview and Level Annotations

Branches:
Dungeon (10/15)            Temple (1/1) D:4
   Lair: D:8-11         Orc: D:9-12

Altars:
Ashenzari
Cheibriados
Dithmenos
Elyvilon
Fedhas
Gozag
Hepliaklqana
Kikubaaqudgha
Makhleb
Nemelex Xobeh
Okawaru
Qazlal
Ru
Sif Muna
Trog
Uskayaw
Vehumet
Wu Jian
Xom
Yredelemnul
Zin
The Shining One

Shops:
D:9 *

Annotations:
D:10 exclusion: electric eel
Temple 2 transporters


Innate Abilities, Weirdness & Mutations

You have sharp claws.
You have razor-sharp teeth.
You have supernaturally acute eyesight. (SInv)
You are covered in thick fur. (AC +2)
Your paws help you pounce on unaware monsters.
You are incapable of wielding weapons or throwing items.
You cannot wear armour.
You gain extra lives every three experience levels.


Message History

Training target 4.0 for Evocations reached!
Your Evocations skill increases to level 4!
You need to enable at least one skill for training.
You start resting.
Things that are here:
a +0 dagger; a +2 robe of willpower; the orc corpse of Nergalle An orc priest is nearby!
The orc priest shouts!
You scratch the orc priest but do no damage.
The orc priest completely misses you.
You scratch the orc priest.
You claw the orc priest, but do no damage.
You scratch the orc priest but do no damage.
You claw the orc priest.
The electric eel shoots out a bolt of lightning at you!
The bolt of electricity hits you! The orc priest misses you.
You barely miss the orc priest.
The orc priest begins to cast a cantrip, but forgets the words!
The electric eel shoots out a bolt of lightning at you!
The bolt of electricity hits you! The orc priest misses you.
The electric eel shoots out a bolt of lightning at you!
The bolt of electricity hits you!
* * * LOW HITPOINT WARNING * * *
The orc priest misses you.
You claw the orc priest! The orc priest barely misses you.
You scratch the orc priest. The orc priest closely misses you.
You closely miss the orc priest. You claw the orc priest!
You kill the orc priest!
The electric eel shoots out a bolt of lightning at you!
The bolt of electricity misses you.
You miss the electric eel. You claw the electric eel!
The electric eel shoots out a bolt of lightning at you!
The bolt of electricity misses you.
The electric eel shoots out a bolt of lightning at you!
The bolt of electricity hits you!
* * * LOW HITPOINT WARNING * * *
You can now pass through a line of other dancers.
You scratch the electric eel.
The electric eel shoots out a bolt of lightning at you!
The bolt of electricity hits you!
* * * LOW HITPOINT WARNING * * *
The electric eel shoots out a bolt of lightning at you!
The bolt of electricity hits you!
* * * LOW HITPOINT WARNING * * *
You closely miss the electric eel. Your claw misses the electric eel.
The electric eel shoots out a bolt of lightning at you!
The bolt of electricity hits you!
You die...

# ###...........................
#....#.#............##........
#...##.###...................# #
##......###..................##
###...#..#.#...........#.......##
......#.###.....................#
........###...................#.#
........##................>...#.#
..#.............@)............?..
..###...........≈S≈≈S≈≈≈≈≈≈≈≈≈≈≈≈
..§.............≈≈≈≈≈≈≈≈≈≈≈S≈≈≈≈≈
≈§§≈............≈≈###############
≈§§§...#........≈≈#
_>§≈..###.......≈≈# ..§≈.#
##.......≈≈# ≈≈≈§§###........≈≈#
≈≈§≈.........#..≈≈#


You could see 2 electric eels.

Vanquished Creatures
  Erica (D:10)
  4 two-headed ogres
  Nergalle (D:10)
  Maurice (D:10)
  A komodo dragon (D:7)
  Jeremiah (D:7)
  2 trolls (D:10)
  A hornet (D:9)
  Grinder (D:5)
  6 yaks (D:9)
  A wraith (D:7)
  Sigmund (D:2)
  A steam dragon (D:8)
  Edmund (D:5)
  3 water moccasins
  7 orc warriors
  2 black bears
  3 sky beasts
  An ice beast (D:7)
  2 centaurs
  A kobold brigand (D:7)
  3 bullfrogs
  A gnoll sergeant (D:5)
  3 scorpions
  19 wights
  6 killer bees
  4 howler monkeys
  A bombardier beetle (D:4)
  5 hounds
  A jelly (D:5)
  Crazy Yiuf (D:2)
  11 orc priests
  2 sleepcaps
  3 iguanas
  8 orc wizards
  12 gnolls
  11 adders
  10 river rats (D:6)
  2 shadow imps
  3 white imps
  2 ufetubi (D:7)
  3 dart slugs
  2 ribbon worms
  20 orcs
  4 ball pythons
  2 endoplasms
  3 giant cockroaches
  8 hobgoblins
  3 jackals (D:1)
  13 kobolds
  5 bats
  2 frilled lizards (D:2)
  7 goblins
  16 rats
238 creatures vanquished.

Vanquished Creatures (others)
  An arcanist (D:6)
  An orc (D:5)
2 creatures vanquished.

Grand Total: 240 creatures vanquished

Notes
Turn   | Place    | Note
-------+----------+-------------------------------------------
     0 | D:1      | James the Felid Fighter began the quest for the Orb.
     0 | D:1      | Reached XP level 1. HP: 12/12 MP: 2/2
   154 | D:1      | Found a faded altar of an unknown god.
   169 | D:1      | Reached XP level 2. HP: 16/16 MP: 3/3
   849 | D:2      | Noticed Sigmund
   860 | D:2      | Killed Sigmund
   861 | D:2      | Reached XP level 3. HP: 20/20 MP: 4/4
   861 | D:2      | Reached XP level 4. HP: 24/24 MP: 5/5
   861 | D:2      | Gained a life (2 lives remaining)
   861 | D:2      | Reached XP level 5. HP: 28/28 MP: 6/6
  1643 | D:2      | Found a runed translucent door.
  1644 | D:2      | Noticed Crazy Yiuf
  1952 | D:3      | Found a burning altar of Makhleb.
  1953 | D:3      | Noticed a blizzard demon
  1961 | D:3      | Found a glowing silver altar of Zin.
  1962 | D:3      | Noticed an angel
  2013 | D:3      | Gained mutation: You are covered in thick fur. (AC +2)
                  | [Felid growth]
  2013 | D:3      | Reached XP level 6. HP: 32/32 MP: 7/7
  2466 | D:4      | Found a broken altar of Ashenzari.
  2483 | D:4      | Found a hide-covered altar of Uskayaw.
  2483 | D:4      | Found an iron altar of Okawaru.
  2502 | D:4      | Became a worshipper of Uskayaw the Reveller
  2526 | D:4      | Reached * piety under Uskayaw
  2530 | D:4      | Reached ** piety under Uskayaw
  2623 | D:4      | Reached skill level 1 in Invocations
  2626 | D:4      | Reached *** piety under Uskayaw
  2628 | D:4      | Reached **** piety under Uskayaw
  2647 | D:4      | Found a staircase to the Ecumenical Temple.
  2657 | Temple   | Found a transporter.
  2657 | Temple   | Found a transporter.
  2657 | Temple   | Found a transporter.
  2657 | Temple   | Found a transporter.
  2657 | Temple   | Entered the Ecumenical Temple
  2709 | D:4      | Reached XP level 7. HP: 26/36 MP: 8/10
  2716 | D:4      | Reached ***** piety under Uskayaw
  2718 | D:4      | Killed from afar by an orc priest
  2718 | D:4      | Lost a life (1 life remaining)
  2819 | D:4      | Found an ancient bone altar of Kikubaaqudgha.
  3421 | D:5      | Entered Level 5 of the Dungeon
  3540 | D:5      | Slain by a gnoll
  3540 | D:5      | Lost a life (0 lives remaining)
  3562 | D:5      | Reached XP level 8. HP: 18/42 MP: 12/12
  3562 | D:5      | Gained a life (1 life remaining)
  3604 | D:5      | Found a stormy altar of Qazlal.
  3875 | D:5      | Found a hazy altar of Hepliaklqana.
  3891 | D:5      | Noticed Grinder
  4023 | D:5      | Killed Grinder
  4024 | D:5      | Reached skill level 10 in Unarmed Combat
  4077 | D:5      | Noticed Edmund
  4089 | D:5      | Killed Edmund
  4090 | D:5      | Reached skill level 5 in Fighting
  4090 | D:5      | Reached skill level 3 in Stealth
  4124 | D:5      | Found a sacrificial altar of Ru.
  4143 | D:5      | Reached skill level 4 in Stealth
  4228 | D:5      | Identified a scroll of acquirement
  4228 | D:5      | Acquired a manual of Stealth
  4441 | D:6      | Reached skill level 5 in Stealth
  4530 | D:6      | Reached skill level 6 in Stealth
  4533 | D:6      | Reached skill level 7 in Stealth
  4633 | D:6      | Reached skill level 8 in Stealth
  4633 | D:6      | Reached XP level 9. HP: 47/47 MP: 13/13
  4647 | D:6      | Reached skill level 9 in Stealth
  4653 | D:6      | Reached skill level 10 in Stealth
  5138 | D:6      | Found a bloodstained altar of Trog.
  5141 | D:6      | Noticed a wizard
  5147 | D:6      | Killed a wizard
  5297 | D:2      | Killed Crazy Yiuf
  5298 | D:2      | Reached skill level 11 in Stealth
  5460 | D:6      | Reached ****** piety under Uskayaw
  5549 | D:7      | Reached skill level 12 in Stealth
  5585 | D:7      | Reached skill level 13 in Stealth
  5699 | D:7      | Noticed Jeremiah
  5702 | D:7      | Reached skill level 14 in Stealth
  5816 | D:7      | Reached skill level 15 in Stealth
  5878 | D:7      | Reached skill level 16 in Stealth
  6116 | D:7      | Noticed a komodo dragon
  6123 | D:7      | Killed a komodo dragon
  6124 | D:7      | Reached skill level 17 in Stealth
  6390 | D:7      | Killed Jeremiah
  6391 | D:7      | Reached XP level 10. HP: 48/51 MP: 14/14
  6391 | D:7      | Gained a life (2 lives remaining)
  6421 | D:7      | Reached skill level 5 in Invocations
  6452 | D:7      | Slain by a killer bee
  6452 | D:7      | Lost a life (1 life remaining)
  6623 | D:8      | Noticed a two-headed ogre
  6862 | D:8      | Killed a two-headed ogre
  7306 | D:9      | Found Lojo Irph's General Store.
  7507 | D:9      | Noticed a two-headed ogre
  7636 | D:9      | Reached skill level 5 in Dodging
  7767 | D:9      | Killed a two-headed ogre
  7850 | D:9      | Reached XP level 11. HP: 54/58 MP: 18/18
  7979 | D:10     | Entered Level 10 of the Dungeon
  8093 | D:10     | Noticed Nergalle
  8150 | D:10     | Noticed Erica
  8152 | D:10     | Killed Erica
  8340 | D:10     | Found a radiant altar of Vehumet.
  8408 | D:10     | Noticed a two-headed ogre
  8419 | D:10     | Killed a two-headed ogre
  8506 | D:10     | Noticed Maurice
  8531 | D:10     | Maurice stole a ring of positive energy
  8534 | D:10     | Maurice stole a condenser vane
  8537 | D:10     | Maurice stole a throwing net {!f}
  8539 | D:10     | Maurice stole 617 gold
  8551 | D:10     | Killed Maurice
  8552 | D:10     | Reached skill level 10 in Dodging
  8712 | D:10     | Reached skill level 1 in Evocations
  8772 | D:10     | Noticed a two-headed ogre
  8826 | D:10     | Mangled by a two-headed ogre
  8826 | D:10     | Lost a life (0 lives remaining)
  8859 | D:10     | Killed a two-headed ogre
  8968 | D:10     | Killed Nergalle
  9042 | D:10     | Killed from afar by an electric eel

Illustrated notes

Levels and vault maps discovered:
D:1:      psy_arrival_conway, layout_loops_ring, shapermc_ecumenical_altar_gd
D:2:      layout_basic, minmay_misc_feat_roman, minmay_tetromino_l4,
          uniq_sigmund, uniq_crazy_yiuf_cottage
D:3:      layout_basic, grunt_temple_overflow_order_and_chaos_2,
          kennysheep_nondescript
D:4:      layout_basic, kiku_gazebo_garden_becter, grunt_temple_overflow_open,
          minmay_temple_entry_antechambers, chequers_arboretum
D:5:      layout_basic, mainiacjoe_overflow_brackets,
          mainiacjoe_overflow_tiny_flanked, nicolae_qazlal_beasts_of_the_sky,
          uniq_edmund, uniq_grinder
D:6:      layout_basic, trog_wizard, dreamdust_princess_corridor,
          dk_rats_in_the_wall
D:7:      layout_loops_ring, chequers_avenue, minmay_chambers_of_fives,
          uniq_jeremiah
D:8:      layout_rooms
D:9:      layout_basic, serial_shops, shop
D:10:     layout_layer_cave, general_overflow_altar, erik_orc_2, uniq_nergalle,
          uniq_erica, uniq_maurice
Temple:   hellmonk_temple_divided_pantheon

Skill      XL: |  1  2  3  4  5  6  7  8  9 10 11 |
---------------+----------------------------------+-----
Unarmed Combat | 6 7 8 10 | 10.0
Invocations    | 2 4 8 |  8.0
Fighting       | 4 5 7 |  7.5
Stealth        | 8 17 | 17.4
Dodging        | 6 10 | 10.0
Evocations     | 4 |  4.0

Action                     |  1- 3 |  4- 6 |  7- 9 | 10-12 || total
---------------------------+-------+-------+-------+-------++-------
  Melee: Unarmed           |    43 |   148 |   279 |   241 ||   711
         Bite              |     4 |    13 |    36 |    24 ||    77
         Punch             |     1 |     5 |    13 |    12 ||    31
  Evoke: Wand              |       |       |     4 |     4 ||     8
         Condenser vane    |       |       |       |     1 ||     1
    Use: Potion            |     1 |       |     1 |       ||     2
         Scroll            |       |       |    17 |       ||    17
   Stab: Sleeping          |       |     4 |     7 |    20 ||    31
         Paralysed         |       |     2 |    12 |     9 ||    23
         Distracted        |       |       |     2 |     3 ||     5
 Armour: Skin              |    11 |    19 |    59 |    62 ||   151
  Dodge: Dodged            |    32 |   106 |   247 |   177 ||   562
